 Dungeon Crawl Stone Soup version 0.24.1-14-gf8d2b509d9 (console) character file.

Game seed: 1108785342264544654, levelgen mode: deterministic

234 Kagalorn the Skirmisher (level 5, -1/48 HPs)
             Began as a Minotaur Wanderer on July 24, 2021.
             Was an Initiate of the Shining One.
             Slain by a gnoll
             ... wielding a +0 halberd
              (7 damage)
             ... on level 7 of the Dungeon.
             The game lasted 00:05:58 (2802 turns).

Kagalorn the Skirmisher (Minotaur Wanderer)         Turns: 2802, Time: 00:05:58

Health: -1/48      AC:  6    Str: 17    XL:     5   Next: 75%
Magic:  4/4        EV: 12    Int:  9    God:    the Shining One [......]
Gold:   136        SH:  0    Dex: 10    Spells: 4/4 levels left

rFire    . . .     SeeInvis .   v - +0 quarterstaff
rCold    . . .     Gourm    .   (shield currently unavailable)
rNeg     . . .     Faith    .   w - +1 ring mail {rPois}
rPois    +         Spirit   .   z - +0 hat
rElec    .         Reflect  .   (no cloak)
rCorr    .         Harm     .   (no gloves)
MR       .....                  (no boots)
Stlth    +.........             (no amulet)
HPRegen  0.16/turn              (no ring)
MPRegen  0.09/turn              (no ring)

@: glowing
A: retaliatory headbutt, horns 2
a: Renounce Religion


You were on level 7 of the Dungeon.
You worshipped the Shining One.
The Shining One was noncommittal.
You were not hungry.

You visited 2 branches of the dungeon, and saw 7 of its levels.

You collected 136 gold pieces.

Inventory:

Hand Weapons
 a - a +0 mace
 b - a +2 hand crossbow
 v - a +0 quarterstaff (weapon)
Missiles
 c - 23 bolts
 e - 6 boomerangs
 k - 185 stones (quivered)
Armour
 w - a +1 ring mail of poison resistance (worn)
 z - a +0 hat (worn)
Jewellery
 h - a +3 ring of evasion {unknown}
Wands
 t - a wand of flame (20)
Scrolls
 i - 8 scrolls of identify {unknown}
 j - 3 scrolls of remove curse {unknown}
 o - 4 scrolls of teleportation {unknown}
 q - 3 scrolls of magic mapping
 s - a scroll of blinking {unknown}
 u - a scroll of enchant weapon {unknown}
 x - a scroll of random uselessness {unknown}
 y - a scroll of enchant armour {unknown}
Potions
 d - a potion of curing
 g - 2 potions of brilliance {unknown}
 l - 2 potions of magic {unknown}
 m - a potion of invisibility {unknown}
 n - a potion of mutation {unknown}
 p - a potion of degeneration {unknown}
 r - a potion of berserk rage {unknown}
Comestibles
 f - 4 rations
 A - 2 chunks of flesh


   Skills:
 + Level 5.3 Fighting
   Level 1.2 Axes
 - Level 3.2 Crossbows
 + Level 3.9 Armour
 + Level 3.3 Dodging
 - Level 1.0 Stealth
 * Level 0.8 Invocations
 - Level 1.0 Evocations


You had 4 spell levels left.
You didn't know any spells.
Your spell library contained the following spells:

 Spells                   Type           Power        Failure   Level  Hunger
 Animate Skeleton         Necr           N/A          56%         1    ##.....
 Apportation              Tloc           #.....       56%         1    ##.....
 Confusing Touch          Hex            #.....       56%         1    ##.....
 Summon Small Mammal      Summ           #...         56%         1    ##.....
 Slow                     Hex            #.......     71%         2    ###....


Dungeon Overview and Level Annotations

Branches:
Dungeon (5/15)             Temple (1/1) D:4

Altars:
Ashenzari
Cheibriados
Dithmenos
Elyvilon
Fedhas
Gozag
Hepliaklqana
Okawaru
Qazlal
Ru
Sif Muna
Trog
Vehumet
Wu Jian
Xom
Zin
The Shining One

Annotations:
D:2 Sigmund


Innate Abilities, Weirdness & Mutations

You reflexively headbutt those who attack you in melee.
You have a pair of horns on your head.


Message History

You feel less confused.
The howler monkey hoots and howls with incredible vigour!
The gnoll misses you. The howler monkey closely misses you.
The gnoll misses you. The quokka skeleton bites you.
You hear a shout!
As you read the scroll labeled HOLAROUMIF, it crumbles to dust.
You feel aware of your surroundings.
You sensed 1 altar.
It was a scroll of magic mapping.
The gnoll hits you from afar with a +0 halberd.
The howler monkey hoots and howls with incredible vigour!
The gnoll hits you with a +0 whip.
The quokka skeleton bites you but does no damage.
You hear a bark!
You hear an angry buzzing noise. x2; You hear a bark!
You hear an angry buzzing noise.
You hear a shout!
You hear an angry buzzing noise.
You hear a shout!
The orc priest mumbles some strange prayers to Beogh against you.
Beogh smites you!
* * * LOW HITPOINT WARNING * * *
The gnoll hits you with a +0 halberd!
You die...

,,,,,,,,,,,,,,,,,****,*,,,,,,,,,,
,,,,,**,,.###*....,,,,,,,,,,,,,,,
,,,**,,,,....##...,**,,,,,,,,,,,,
,,,,,,,,*#........,....#,,,.##*,*
*,,,,,,,*........#*,...#,,,.>#***
**,,,,,,*,,......#**...#,,....,,,
,,,,,,,,.,,,,...># *#..#,.....,,,
,,,,,,,,...,,*#..####..##.....,,,
,,,*,,,,*#..h###@#............,,,
,,,*,**,,#^..ohhggO...........,,,
,,,,,,<,*#o.Z.##Z......†......,,,
,,,,,,,,....o**##......"......,,,
,,,,,,,,..l.,,,#..............,,,
,,,,*,,,...,*#................,,,
*,,***,>..,,#.................,,,
*****,,,.,,[...#..............<,,
***,**,...................,,,


You could see an ogre, 2 howler monkeys, an iguana, an orc priest, an orc
wizard, 2 gnolls, an orc, a water moccasin skeleton and a quokka skeleton.

Vanquished Creatures
  A howler monkey (D:4)
  Jessica (D:2)
  A worker ant (D:5)
  Ijyb (D:3)
  2 gnolls
  An adder (D:2)
  An ooze (D:3)
  7 dart slugs
  A leopard gecko (D:1)
  6 orcs
  10 bats
  3 giant cockroaches
  4 goblins
  9 hobgoblins
  9 kobolds
  2 quokkas
  A ball python (D:1)
  3 frilled lizards
  8 rats
71 creatures vanquished.

Notes
Turn   | Place    | Note
-------+----------+-------------------------------------------
     0 | D:1      | Kagalorn the Minotaur Wanderer began the quest for the Orb.
     0 | D:1      | Kagalorn set off with the following items: a +2 hand
                  | crossbow, 23 bolts, a +0 mace, a potion of curing, a +0
                  | robe, a ration
     0 | D:1      | Reached XP level 1. HP: 19/19 MP: 0/0
   103 | D:1      | Reached skill level 1 in Dodging
   113 | D:1      | Reached skill level 4 in Fighting
   113 | D:1      | Reached XP level 2. HP: 27/27 MP: 1/1
   170 | D:1      | Reached XP level 3. HP: 33/33 MP: 2/2
  1240 | D:2      | Reached XP level 4. HP: 41/41 MP: 3/3
  1299 | D:2      | Noticed Jessica
  1310 | D:2      | Killed Jessica
  1325 | D:2      | Identified Jessica's Papyrus of Execration
  1449 | D:2      | Noticed Sigmund
  1506 | D:3      | Noticed Ijyb
  1523 | D:3      | Killed Ijyb
  1523 | D:3      | Reached skill level 5 in Fighting
  1604 | D:3      | Reached XP level 5. HP: 18/48 MP: 4/4
  2456 | D:4      | Found an opulent altar of Gozag.
  2487 | D:4      | Found a staircase to the Ecumenical Temple.
  2504 | Temple   | Entered the Ecumenical Temple
  2616 | Temple   | Became a worshipper of the Shining One
  2704 | D:4      | Noticed an ogre
  2751 | D:5      | Entered Level 5 of the Dungeon
  2784 | D:5      | You fall into a shaft and drop 2 floors!
  2790 | D:7      | Noticed an ogre
  2802 | D:7      | Slain by a gnoll

Levels and vault maps discovered:
D:1:      lightli_arrival_noodles, layout_basic, serial_co_window_serial,
          co_window_paths_a, co_window_paths_a, co_window_paths_a,
          co_window_paths_a, co_window_paths_a, co_window_unsneaky_path_e,
          co_window_broadway_a, co_window_broadway_a, co_window_broadway_b,
          co_window_unsneaky_path_e, co_window_corner_b, glass_columns_c,
          glass_columns_a, minivault_11, minmay_tromino_v7
D:2:      layout_loops_cross, nemelex_xobeh_ov_fountains_minmay,
          marbit_many_paths, first_ration, kennysheep_jessica_study, uniq_robin,
          uniq_sigmund, uniq_jessica
D:3:      layout_basic, uniq_ijyb
D:4:      layout_basic, kennysheep_mini_moat, minmay_temple_entry_offerings,
          uniq_blork_the_orc
D:5:      minmay_chambers_of_threes, layout_rooms, serial_co_window_serial,
          co_window_of_opportunity_a, co_window_paths_b, co_window_paths_a,
          co_window_paths_a, co_window_of_opportunity_a, co_window_corner_a,
          co_window_paths_a, co_window_broadway_c, co_window_cross_2,
          co_window_unsneaky_path_e, co_window_paths_c, co_window_paths_c,
          co_window_unsneaky_path_a, co_window_corner_b, glass_columns_a,
          glass_columns_a, glass_columns_a, glass_columns_c,
          cheibrodos_sewer_entry_bend, uniq_pikel
D:7:      layout_cave_pools, kennysheep_little_box, kennysheep_generic_room_11,
          uniq_crazy_yiuf_cottage
Temple:   kb_temple_of_zot

Skill      XL: |  1  2  3  4  5 |
---------------+----------------+-----
Dodging        | 1 2 3 |  3.3
Fighting       | 4 5 |  5.3
Armour         | 2 3 |  3.9
Axes           | |  1.2
Crossbows      | |  3.2
Stealth        | |  1.0
Invocations    | |  0.8
Evocations     | |  1.0

Action                   |  1- 3 |  4- 6 || total
-------------------------+-------+-------++-------
Melee: Mace              |    57 |    65 ||   122
       Headbutt          |     8 |    13 ||    21
       Quarterstaff      |       |    38 ||    38
  Use: Scroll            |       |     1 ||     1
  Eat: Chunk             |     1 |     5 ||     6
Armor: Robe              |     6 |       ||     6
       Ring mail         |     9 |    13 ||    22
       Scale mail        |     6 |    50 ||    56
Dodge: Dodged            |    45 |    70 ||   115
